[Event "DFMMLV 2017"]
[Site "Braunfels"]
[Date "2017.06.16"]
[Round "3"]
[White "Belenkaya, Dina"]
[Black "Zimmer, Elke"]
[Result "1-0"]
[ECO "C47"]
[WhiteElo "2306"]
[BlackElo "1951"]
[Annotator "ChessBase"]
[PlyCount "91"]
[EventDate "2017.??.??"]
[EventType "team-tourn"]
[EventCountry "GER"]
[SourceTitle "playchess.com"]
[Source "ChessBase"]
[SourceQuality "1"]
[TimeControl "40/5400+30:1800+30"]

1. e4 e5 2. Nf3 Nc6 3. Nc3 Nf6 4. d4 exd4 5. Nxd4 Bb4 6. Nxc6 bxc6 7. Bd3 d6 8. O-O Bg4 9. f3 Bc5+ 10. Kh1 Bd7 11. Bg5 h6 12. Bh4 g5 13. Be1 Rb8 14. Bc4 Be6 15. Bb3 Nh5 16. Ne2 Qe7 17. Bc3 O-O 18. Nd4 Bd7 19. Ba4 Qe8 20. Qd2 f6 21. Rae1 Bxd4 22. Qxd4 c5 23. Qd5+ Kh7 24. Bxd7 Qxd7 25. Qd2 Rbe8 26. g3 Rf7 27. Kg1 Ng7 28. Rf2 Ne6 29. Qd3 Nd8 30. e5+ f5 31. Rfe2 Rfe7 32. g4 dxe5 33. Qxd7 Rxd7 34. Rxe5 Rxe5 35. Rxe5 fxg4 36. fxg4 Nc6 37. Rxc5 Rd6 38. b4 a6 39. a4 Kg6 40. Kf2 h5 41. b5 axb5 42. axb5 Na7 43. Be5 Rb6 44. c4 c6 45. Bc7 Rb7 46. b6 1-0

[Event "DFMMLV 2017"]
[Site "Braunfels"]
[Date "2017.06.16"]
[Round "3"]
[White "Rogozenco, Teodora"]
[Black "Hielscher, Ursula"]
[Result "1-0"]
[ECO "D35"]
[WhiteElo "2147"]
[BlackElo "1835"]
[Annotator "NA"]
[PlyCount "95"]
[EventDate "2017.??.??"]
[EventType "team-tourn"]
[EventCountry "GER"]
[SourceTitle "playchess.com"]
[Source "ChessBase"]
[SourceQuality "1"]
[TimeControl "40/5400+30:1800+30"]

1. d4 d5 2. c4 e6 3. Nc3 Nf6 4. cxd5 exd5 5. Bg5 Be7 6. e3 O-O 7. Bd3 c6 8. Qc2 Nbd7 9. Nf3 h6 10. Bf4 Re8 11. h3 Nf8 12. Bh2 {[%emt 0:05:15] D36: Queen's Gambit Declined: Exchange Variation: Main line (5 Bg5 c6 6 Qc2)} (12. O-O-O Bb4 13. Nd2 Bxc3 14. Qxc3 Ne4 15. Nxe4 dxe4 16. Bc2 Be6 17. g4 a5 18. Bb3 a4 19. Bxe6 Nxe6 {0-1 (52) Narciso Dublan,M (2540)-Bracker,F (2407) Llucmajor 2016}) 12... Bd6 13. Ne5 a6 14. O-O c5 15. Nf3 $146 ({Predecessor:} 15. Rac1 cxd4 16. exd4 Ne6 17. Nf3 Bxh2+ 18. Kxh2 Bd7 19. Bf5 Bc6 20. Bxe6 Rxe6 21. Ne5 {½-½ (94) Schindler,C (2262)-Salzmann,P (2176) Germany 2014}) 15... Bxh2+ 16. Kxh2 Ne6 17. dxc5 Qc7+ 18. Kg1 Nxc5 ({Black should try} 18... Qxc5 $14 19. Rfd1 b6) 19. Na4 Ne6 20. Qxc7 Nxc7 21. Nb6 Rb8 22. Rac1 Na8 23. Nxa8 Rxa8 24. Rc7 b5 25. Nd4 Bd7 26. Bf5 Bxf5 27. Nxf5 Red8 28. Rfc1 Kf8 29. R1c6 Rd7 30. Rc8+ Rd8 31. Rxd8+ Rxd8 32. Rxa6 Kg8 {[%emt 0:06:28] [#]} (32... b4 $142 33. f3 Rb8 34. Nxh6 b3) 33. Nxh6+ $1 gxh6 34. Rxf6 Rc8 35. Rxh6 Rc1+ 36. Kh2 Rc2 37. Rb6 Rxb2 38. Kg3 Kf8 39. h4 Ke7 40. a3 Kd7 41. h5 Kc7 42. h6 $18 Rb1 43. Rf6 Rh1 44. Rxf7+ Kc6 45. Rh7 Kc5 46. Rh8 Kc4 47. h7 Kb3 48. f4 1-0

[Event "DFMMLV 2017"]
[Site "Braunfels"]
[Date "2017.06.16"]
[Round "3"]
[White "Malachowski, Margrit"]
[Black "Just, Anita"]
[Result "0-1"]
[ECO "A04"]
[WhiteElo "2132"]
[BlackElo "1967"]
[Annotator "NA"]
[PlyCount "62"]
[EventDate "2017.??.??"]
[EventType "team-tourn"]
[EventCountry "GER"]
[SourceTitle "playchess.com"]
[Source "ChessBase"]
[SourceQuality "1"]
[TimeControl "40/5400+30:1800+30"]

1. Nf3 e6 2. b3 f5 3. Bb2 Nf6 4. c4 Be7 5. d3 {[%emt 0:04:42] A10: English Opening: Unusual Replies for Black} (5. g3 O-O 6. Bg2 d6 7. Nc3 Nbd7 8. O-O c6 9. d3 Qe8 10. e4 f4 11. gxf4 Nh5 12. Ne2 Nxf4 13. Nxf4 Rxf4 {0-1 (33) Dzagnidze,N (2520)-Batsiashvili,N (2482) Doha 2016}) 5... O-O 6. g3 b6 7. Bg2 Bb7 8. O-O Qe8 $146 ({Predecessor:} 8... Nc6 9. Nbd2 Qe8 10. e4 fxe4 11. Nxe4 Nxe4 12. dxe4 d6 {1-0 (48) Lacourse,G-Libersan,M Gatineau 2006}) 9. Nbd2 d6 {[%emt 0:03:01] [#]} 10. Qc2 (10. e4 $1 $16) 10... Nbd7 11. b4 Qh5 12. Nd4 Bxg2 13. Kxg2 e5 14. Nc6 Rae8 15. e3 f4 16. exf4 exf4 17. f3 (17. Rae1 $11 {remains equal.} fxg3 18. hxg3) 17... d5 18. Nxe7+ Rxe7 19. Rae1 Rfe8 20. Qd1 Qg6 21. Rxe7 Rxe7 22. Bxf6 Nxf6 23. Re1 {[%emt 0:02:00] [#]} Rxe1 $1 24. Qxe1 Qxd3 25. cxd5 Qxd5 26. Nb3 Kf7 27. Qc1 Qd6 28. gxf4 (28. b5 $17) 28... Nd5 $19 29. Qc4 Kf8 30. Kh1 Nxf4 31. Nd4 c5 0-1

[Event "DFMMLV 2017"]
[Site "Braunfels"]
[Date "2017.06.16"]
[Round "3"]
[White "Zpevakova, Jana"]
[Black "Frank, Michelle Viviane"]
[Result "1-0"]
[ECO "E61"]
[WhiteElo "2093"]
[BlackElo "1949"]
[Annotator "NA"]
[PlyCount "67"]
[EventDate "2017.??.??"]
[EventType "team-tourn"]
[EventCountry "GER"]
[SourceTitle "playchess.com"]
[Source "ChessBase"]
[SourceQuality "1"]
[TimeControl "40/5400+30:1800+30"]

1. d4 Nf6 2. c4 g6 3. Nc3 Bg7 4. Nf3 d6 5. Bg5 h6 6. Bh4 g5 7. Bg3 Nh5 8. e3 e6 9. Be2 a6 {[%emt 0:02:13] E61: King's Indian: Early deviations for White, including Smyslov System} (9... Nd7 10. Qc2 Qe7 11. O-O-O Ndf6 12. Kb1 Bd7 13. Nd2 {½-½ (13) Moiseenko,A (2662)-Radjabov,T (2717) Sochi 2006}) 10. Qc2 Qe7 11. Nd2 $146 ({Predecessor:} 11. Rd1 Nd7 12. c5 Nxg3 13. cxd6 cxd6 14. hxg3 d5 15. e4 dxe4 16. Nxe4 Qb4+ {½-½ (55) Martinez,M-Fiorito,F (2425) Mar del Plata 1993}) 11... Nxg3 12. hxg3 c6 13. b4 O-O 14. O-O Nd7 15. Bf3 d5 16. b5 f5 17. bxc6 bxc6 18. cxd5 cxd5 {[%emt 0:00:21] [#]} 19. Nxd5 $1 Qd6 $2 (19... Qf7 20. Ne7+ Qxe7) 20. Nc4 Qb8 21. Ne7+ Kf7 22. Bxa8 Kxe7 23. Bf3 g4 24. Bc6 h5 25. d5 exd5 26. Rab1 Qc7 27. Bxd7 Bxd7 28. Na3 Qxc2 29. Nxc2 Bb5 30. Rfd1 Bc4 31. Rb7+ Kf6 32. Rdb1 $18 Bh6 33. R1b6+ Kg5 34. Rh7 1-0

[Event "DFMMLV 2017"]
[Site "Braunfels"]
[Date "2017.06.16"]
[Round "3"]
[White "Rempel, Yana"]
[Black "Liez, Franziska"]
[Result "1/2-1/2"]
[ECO "C22"]
[WhiteElo "2059"]
[BlackElo "1844"]
[Annotator "NA RC"]
[PlyCount "100"]
[EventDate "2017.??.??"]
[EventType "team-tourn"]
[EventCountry "GER"]
[SourceTitle "playchess.com"]
[Source "ChessBase"]
[SourceQuality "1"]
[TimeControl "40/5400+30:1800+30"]

1. e4 e5 2. d4 exd4 3. Qxd4 Nc6 4. Qe3 d6 5. Nc3 Nf6 6. Bd2 Be6 7. O-O-O Qe7 {[%emt 0:04:35] C22: Centre Game} (7... g6 8. f4 Bg7 9. f5 Bd7 10. Qh3 Ne5 11. Be2 Bc6 12. Bf3 Qe7 13. Nge2 Nc4 14. Nd4 Qe5 15. Bh6 Bxh6+ 16. Qxh6 {1-0 (35) Nadj Hedjesi,B (2371)-Djuretanovic,I (2223) Senta 2007}) 8. Bb5 g6 9. f4 (9. Nd5 $5 Nxd5 10. exd5 Bxd5 11. Qd4 Bxg2 12. Qxh8 $16) 9... Bg7 $146 ({Predecessor:} 9... Bd7 10. h3 a6 11. Bd3 O-O-O 12. Nf3 Bg7 13. Rhe1 Rde8 14. e5 dxe5 15. Nxe5 {1-0 (23) Barragan Hernandez,M (2050)-Eilais,M (1779) Barcelona 2015}) 10. Nf3 Bd7 11. Rhe1 O-O 12. h3 a6 13. Bd3 Nb4 14. Bf1 c5 (14... Bb5 $16) 15. g4 b5 16. a3 Nc6 {[%emt 0:00:51] [#]} 17. e5 $1 Ne8 18. Nd5 Qd8 19. exd6 Nxd6 20. Qxc5 Nb7 21. Qb6 Qxb6 22. Nxb6 Rad8 23. Nxd7 (23. Bb4 $142 Be6 24. Bxf8 Rxd1+ 25. Rxd1 Bxf8 26. Ng5) 23... Rxd7 24. Bg2 Rfd8 25. Ng5 Nca5 26. b3 h6 (26... Nxb3+ $142 27. cxb3 Nc5) 27. Ne4 Rc8 28. Kb1 Rcd8 29. f5 Kh7 30. Bf3 Nc6 31. f6 Bf8 32. Bc1 Nd4 33. Bg2 Nc5 34. Nxc5 Bxc5 35. Rd3 Ne6 36. Red1 Rxd3 37. Rxd3 Rxd3 38. cxd3 a5 39. h4 b4 40. axb4 axb4 41. Bd5 (41. Bd2 $16) 41... h5 42. Bxe6 fxe6 43. g5 Kg8 44. Kc2 Bf2 45. Kd1 Bxh4 46. Ke2 Bg3 47. Kf3 Be1 48. Bf4 Kf7 49. Ke2 Bc3 50. Bg3 Bd4 (50... Ke8) 1/2-1/2

[Event "DFMMLV 2017"]
[Site "Braunfels"]
[Date "2017.06.16"]
[Round "3"]
[White "Daemering, Katrin"]
[Black "Steimbach, Isabel"]
[Result "1-0"]
[ECO "B97"]
[WhiteElo "2030"]
[BlackElo "1972"]
[Annotator "NA"]
[PlyCount "61"]
[EventDate "2017.??.??"]
[EventType "team-tourn"]
[EventCountry "GER"]
[SourceTitle "playchess.com"]
[Source "ChessBase"]
[SourceQuality "1"]
[TimeControl "40/5400+30:1800+30"]

1. e4 c5 2. Nf3 d6 3. d4 cxd4 4. Nxd4 Nf6 5. Nc3 a6 6. Bg5 e6 7. f4 Qb6 8. Nb3 Nbd7 9. Qf3 Be7 10. g4 Qc7 11. O-O-O b5 12. a3 {[%emt 0:04:38] B97: Sicilian Najdorf: Poisoned Pawn} (12. Bxf6 Nxf6 13. g5 Nd7 {½-½ (13) Drake Diez de Rivera,P (2555)-Toro Solis de Ovando,G (2616) ICCF email 2007}) 12... Bb7 13. Bd3 Rc8 14. Rhe1 h6 15. Qh3 e5 $146 ({Predecessor:} 15... Rg8 16. Bh4 d5 17. e5 Ne4 18. Bxe7 Kxe7 19. Bxe4 dxe4 {0-1 (32) Hrabusa,M (2077)-Krcal,M (2105) Frydek Mistek 2006}) 16. Bxf6 Nxf6 17. g5 Nd7 18. Nd5 Bxd5 19. exd5 exf4 20. g6 Ne5 21. gxf7+ Nxf7 22. Nd4 O-O 23. Ne6 $1 Qd7 (23... Ng5 $142) 24. Qf5 Ng5 25. Qg6 Bf6 26. Nxg5 Bxg5 27. Qh7+ Kf7 28. Bf5 (28. Bg6+ $142 Kf6 29. Bh5 (29. Re6+ Qxe6 30. dxe6 Rh8 $17) 29... Rxc2+ 30. Kb1 Re2 31. Qg6+ Ke7 32. Qxg7+ Rf7 33. Qxf7+ Kd8 34. Qf8+ Kc7 35. Rc1+ Kb7 36. Rxe2) 28... f3+ 29. Kb1 Qc7 30. Bg6+ Kf6 31. Re6# 1-0

[Event "DFMMLV 2017"]
[Site "Braunfels"]
[Date "2017.06.16"]
[Round "3"]
[White "Pralle, Katharina"]
[Black "Fuchs, Antje"]
[Result "1-0"]
[ECO "A38"]
[WhiteElo "2018"]
[BlackElo "2052"]
[Annotator "NA"]
[PlyCount "57"]
[EventDate "2017.??.??"]
[EventType "team-tourn"]
[EventCountry "GER"]
[SourceTitle "playchess.com"]
[Source "ChessBase"]
[SourceQuality "1"]
[TimeControl "40/5400+30:1800+30"]

1. c4 Nf6 2. Nc3 g6 3. g3 Bg7 4. Bg2 c5 5. Nf3 Nc6 6. O-O d6 7. d4 cxd4 8. Nxd4 Bd7 9. Rb1 {[%emt 0:09:27] A31: Symmetrical English: 2 Nf3 Nf6 3 d4} (9. Nc2 O-O 10. b3 Qc8 11. Re1 Bh3 12. Bh1 Ng4 13. Qd2 Rd8 14. Rb1 h5 15. Nd5 Nf6 16. Nf4 Bf5 17. e4 Bg4 18. f3 Bd7 {0-1 (48) Ganguly,S (2644)-Lu,S (2624) Liaocheng 2017}) 9... Qc8 10. Nxc6 bxc6 11. e4 $146 ({Predecessor:} 11. b3 Bh3 12. Bb2 h5 13. f3 Bxg2 14. Kxg2 h4 15. Rh1 Qe6 16. Qd3 Rd8 {1-0 (54) Stepanenko,A-Evchin,M (2282) Kiev 2002}) 11... h5 12. h4 Bh3 13. Re1 Bxg2 14. Kxg2 Ng4 15. Qc2 Bd4 16. f3 $2 (16. Rf1 $11 {and White has nothing to worry.}) 16... Nf2 17. Kf1 Qh3+ 18. Ke2 Qxg3 19. Be3 Bxe3 20. Kxe3 Ng4+ 21. Kd2 Ne5 22. Qa4 Nxf3+ 23. Kc2 Nxe1+ 24. Rxe1 O-O 25. Re2 Rfc8 26. c5 Qxh4 27. cxd6 exd6 28. Qb4 Qf4 $19 29. Qd4 1-0

[Event "DFMMLV 2017"]
[Site "Braunfels"]
[Date "2017.06.16"]
[Round "3"]
[White "Heymann-Lobzhanidze, Anna-Luise"]
[Black "Gheng, Simona"]
[Result "1/2-1/2"]
[ECO "B20"]
[WhiteElo "1979"]
[BlackElo "1999"]
[Annotator "NA"]
[PlyCount "108"]
[EventDate "2017.??.??"]
[EventType "team-tourn"]
[EventCountry "GER"]
[SourceTitle "playchess.com"]
[Source "ChessBase"]
[SourceQuality "1"]
[TimeControl "40/5400+30:1800+30"]

1. e4 c5 2. d3 d6 3. g3 Nc6 4. Bg2 g6 5. f4 e6 6. Nf3 Bg7 7. c3 Nge7 8. O-O O-O 9. Be3 b6 10. Na3 Bb7 11. Qd2 {[%emt 0:04:01] B20: Sicilian: Unusual White 2nd moves} (11. Nc2 Qd7 12. Qd2 f5 13. b3 Rae8 14. Rad1 Nd8 15. exf5 exf5 16. c4 Qc8 17. d4 Be4 18. Ng5 Bxg2 19. Qxg2 {1-0 (92) Grigoryan,A (2571)-Melkumyan,H (2625) Yerevan 2014}) 11... d5 12. exd5 $146 ({Predecessor:} 12. e5 Nf5 13. Bf2 h5 14. h3 a6 15. Rae1 Qc7 16. Nc2 Rfd8 17. g4 hxg4 18. hxg4 Nfe7 {0-1 (41) Piro Madraccio,N-Garro Jimenez,J Ronda 1997}) 12... Nxd5 13. Bf2 Qd7 14. Nc4 Rad8 15. d4 cxd4 16. Nxd4 (16. cxd4 $15 f6 17. Rfe1) 16... Nxd4 17. Bxd4 {[%emt 0:01:49] [#]} Bxd4+ ({Black should try} 17... Nxc3 $1 $17 18. Bxg7 (18. Bxc3 Qc7 $17) (18. bxc3 Bxg2) 18... Qxd2 19. Nxd2 Ne2+ 20. Kf2 Kxg7 21. Bxb7 Rxd2) 18. Qxd4 Qc7 19. Ne5 Nf6 20. Qe3 Bxg2 21. Kxg2 Nd7 22. Nf3 Qc6 23. Kg1 Nf6 24. Nd4 Qc5 25. Rfe1 Ng4 26. Qe4 (26. Qf3 $5 e5 27. b4 $11) 26... Nh6 27. Kg2 Nf5 28. Nxf5 Rd2+ 29. Re2 exf5 30. Qf3 Rfd8 31. Rae1 Kg7 32. a3 Qb5 33. b4 Qc4 (33... R2d3 $19 34. Qb7 Rxc3) 34. Qe3 Qd5+ 35. Kf2 Rd3 36. Qe5+ Qxe5 37. fxe5 Rxc3 38. e6 fxe6 39. Rxe6 Rd2+ 40. R1e2 Rxe2+ 41. Kxe2 Rxa3 42. Re7+ Kh6 43. Rd7 a5 44. bxa5 bxa5 45. Kf2 Ra2+ 46. Kg1 a4 47. Ra7 a3 48. Kh1 Kg5 49. Kg1 h5 50. Ra6 $19 (50. Ra4 $142) 50... Kg4 51. Ra4+ Kf3 52. Rf4+ Ke3 53. Ra4 g5 54. Ra5 f4 1/2-1/2

[Event "DFMMLV 2017"]
[Site "Braunfels"]
[Date "2017.06.16"]
[Round "3"]
[White "Lowke, Kathrin"]
[Black "Hartmann, Cora"]
[Result "0-1"]
[ECO "C78"]
[WhiteElo "1966"]
[BlackElo "1788"]
[Annotator "NA RC"]
[PlyCount "140"]
[EventDate "2017.??.??"]
[EventType "team-tourn"]
[EventCountry "GER"]
[SourceTitle "playchess.com"]
[Source "ChessBase"]
[SourceQuality "1"]
[TimeControl "40/5400+30:1800+30"]

1. e4 e5 2. Nf3 Nc6 3. Bb5 a6 4. Ba4 Nf6 5. O-O b5 6. Bb3 d6 7. h3 {[%emt 0:01:42] C78: Ruy Lopez: Archangelsk and Möller Defences} (7. d3 Be7 8. a3 O-O 9. Nc3 Na5 10. Ba2 Be6 11. Bd2 Bxa2 12. Rxa2 Nc6 13. a4 Rb8 14. Nd5 b4 15. Nxe7+ Nxe7 16. Bg5 Ng6 17. Nh4 {½-½ (41) Swiercz,D (2608)-Efimenko,Z (2648) Lublin 2014}) 7... Na5 8. c3 Nxb3 9. Qxb3 Bb7 10. d3 Be7 11. Re1 O-O 12. Nbd2 c5 13. Nf1 $146 ({Predecessor:} 13. a4 Bc6 {0-1 (60) Chernyh,P (1870)-Alimov,A (1964) Novokuznetsk 2013}) 13... Qc7 14. Ng3 Rfe8 15. Nf5 Bf8 16. Bg5 Nh5 17. Rad1 Nf4 18. Ne3 $2 $11 (18. Qc2 $17) 18... Ne6 19. Bh4 Nf4 ({Black should try} 19... c4 $17 20. dxc4 Nc5) 20. Bg3 $2 Nh5 21. Bh2 Nf6 22. Nh4 Rac8 23. f3 (23. c4 $15) 23... g6 24. Qc2 Bh6 25. Qf2 Nh5 26. Ng4 Bg5 27. g3 Bxh4 ({Black should play} 27... Rf8 $19 28. d4 cxd4 29. cxd4 f5 30. dxe5 fxg4 31. hxg4 Ng7 32. exd6 Qd7) 28. gxh4 Kh8 29. Kh1 (29. d4 $1 $11) 29... Rf8 (29... f5 $17 30. Ne3 Qf7) 30. Ne3 Qd7 31. Qg2 f5 32. Rf1 fxe4 ({Black should try} 32... Rce8 33. b3 a5) 33. fxe4 Nf4 34. Bxf4 $1 Rxf4 35. Rxf4 exf4 36. Ng4 Rf8 37. Rf1 d5 38. Kh2 dxe4 39. dxe4 Qe7 40. Nf2 Qxh4 41. Qf3 Qg3+ 42. Qxg3 fxg3+ 43. Kxg3 {[%emt 0:00:00] [#]} Bxe4 $1 44. Rd1 Rf3+ 45. Kg2 Rd3+ 46. Kh2 Rxd1 47. Nxd1 Kg7 48. Kg3 Kf6 49. Kf4 Bb1 50. a3 g5+ 51. Ke3 h5 52. Nf2 Ke5 53. b4 Kd5 54. Kd2 Kc4 55. Nd1 cxb4 56. axb4 Be4 57. Ne3+ Kb3 58. Nd1 Bf5 59. Nf2 Kc4 60. Nh1 Bxh3 61. Ng3 h4 62. Ne4 g4 63. Nd6+ Kd5 64. Nf5 g3 65. Nxh4 Ke4 (65... g2 $142 66. Nf3 Bg4) 66. Ke2 g2 67. Nxg2 Bxg2 68. Kd2 Bf3 $19 69. Kc2 Ke3 70. Kb3 Kd3 0-1

[Event "DFMMLV 2017"]
[Site "Braunfels"]
[Date "2017.06.16"]
[Round "3"]
[White "Poetsch, Leonore"]
[Black "Ambartsumova, Karina"]
[Result "1/2-1/2"]
[ECO "B07"]
[WhiteElo "1959"]
[BlackElo "2318"]
[Annotator "ChessBase"]
[PlyCount "59"]
[EventDate "2017.??.??"]
[EventType "team-tourn"]
[EventCountry "GER"]
[SourceTitle "playchess.com"]
[Source "ChessBase"]
[SourceQuality "1"]
[TimeControl "40/5400+30:1800+30"]

1. e4 d6 2. d4 Nf6 3. Nc3 e5 4. dxe5 dxe5 5. Qxd8+ Kxd8 6. Bg5 c6 7. O-O-O+ Kc7 8. Bc4 Be6 9. Bxe6 fxe6 10. Nf3 Nbd7 11. a3 b5 12. Rd2 b4 13. axb4 Bxb4 14. Rhd1 Nc5 15. Nxe5 Bxc3 16. bxc3 Ncxe4 17. Bf4 Nxd2 18. Nf7+ Kb6 19. Nxh8 Nde4 20. Nf7 Nxc3 21. Re1 Ncd5 22. Bd6 a5 23. Rxe6 Re8 24. Rxe8 Nxe8 25. Be5 Ndf6 26. f3 Kc5 27. g4 Nd7 28. Bc3 a4 29. Kb2 Kc4 30. Bd2 1/2-1/2

[Event "DFMMLV 2017"]
[Site "Braunfels"]
[Date "2017.06.16"]
[Round "3"]
[White "Zpevakova, Katerina"]
[Black "Froehlich-Dill, Astrid"]
[Result "1-0"]
[ECO "A08"]
[WhiteElo "1912"]
[BlackElo "1892"]
[Annotator "NA RC"]
[PlyCount "89"]
[EventDate "2017.??.??"]
[EventType "team-tourn"]
[EventCountry "GER"]
[SourceTitle "playchess.com"]
[Source "ChessBase"]
[SourceQuality "1"]
[TimeControl "40/5400+30:1800+30"]

1. Nf3 d5 2. g3 c5 3. Bg2 Nc6 4. d3 e5 5. Nbd2 Nf6 {[%emt 0:03:16] A08: King's Indian Attack} 6. c3 (6. e4 d4 7. Nc4 Bd6 8. Nxd6+ Qxd6 9. Nh4 Be6 10. f4 O-O-O 11. O-O h6 12. a3 Qc7 13. Bd2 Kb8 14. b4 cxb4 15. axb4 {0-1 (51) Shchekachev,A (2528)-Postny,E (2653) Aix les Bains 2012}) 6... Bf5 7. O-O Qd7 8. Qa4 $146 ({Predecessor:} 8. Re1 O-O-O 9. Qa4 h6 10. e4 dxe4 11. dxe4 Be6 12. a3 Qc7 13. b4 Nd7 14. Bf1 {1-0 (62) Tsiapouris,M (1717)-Benbachir,K (1388) IECC email 2007}) 8... Bd6 9. e4 dxe4 10. dxe4 Be6 11. Re1 O-O 12. Ng5 a6 13. Nxe6 Qxe6 14. Qc4 Qe7 15. Qe2 b5 16. Nf3 c4 17. Nh4 Bc5 (17... g6 $11 {keeps the balance.}) 18. Nf5 Qa7 19. Be3 Rad8 20. b4 (20. Bg5 $16 Be7 21. a4) 20... Bxe3 21. Nxe3 Rd3 22. Qc2 (22. Nd5 $16) 22... Rfd8 23. Rad1 a5 24. Nd5 Rxd1 25. Rxd1 axb4 26. Nxb4 Rxd1+ 27. Qxd1 Qc7 28. Nd5 Qb7 29. Qf3 Nxd5 30. exd5 Nd8 31. Qe3 Qc7 32. Qe2 f6 33. Qb2 (33. a4 $5) 33... Qa5 (33... Qd7 $11 {keeps the balance.}) 34. a3 (34. d6 $16) 34... Qa4 35. Be4 Qd1+ 36. Kg2 Qb3 37. Qc1 Nb7 38. Bc2 Qa2 $14 39. Bf5 Nd6 40. Be6+ Kf8 41. Qe3 Nc8 42. Qc5+ Ne7 43. d6 Qd2 44. dxe7+ Ke8 45. Bd5 1-0

[Event "DFMMLV 2017"]
[Site "Braunfels"]
[Date "2017.06.16"]
[Round "3"]
[White "Vollstaedt-Klein, Sabine"]
[Black "von Keyserlingk, Chanda"]
[Result "1/2-1/2"]
[ECO "B23"]
[WhiteElo "1879"]
[BlackElo "1732"]
[Annotator "NA"]
[PlyCount "90"]
[EventDate "2017.??.??"]
[EventType "team-tourn"]
[EventCountry "GER"]
[SourceTitle "playchess.com"]
[Source "ChessBase"]
[SourceQuality "1"]
[TimeControl "40/5400+30:1800+30"]

1. e4 c5 2. Nc3 d6 3. g3 g6 4. Bg2 Bg7 5. Nge2 e6 6. d3 Ne7 7. O-O O-O 8. Be3 Nbc6 9. Qd2 Re8 {[%emt 0:04:14] B26: Closed Sicilian: 3 g3, lines with early Be3} 10. d4 cxd4 11. Nxd4 a6 12. Nce2 $146 ({Predecessor:} 12. Rad1 Ne5 13. b3 Ng4 14. Bg5 h6 15. h3 hxg5 16. hxg4 Nc6 17. Nce2 Nxd4 18. Nxd4 {1-0 (67) Djuric,Z (2235)-Bojkovic,S (2365) Nis 1993}) 12... Ne5 13. Qd1 Nc4 14. Bc1 Nc6 ({Black should try} 14... e5 $15 15. Nb3 Be6) 15. b3 Nb6 16. Rb1 Qc7 17. Nxc6 bxc6 18. Be3 Rb8 19. Qd2 Bf8 20. Rbd1 Bb7 21. Bh6 Be7 22. Bg5 f6 23. Be3 Rbd8 24. Nd4 Bf8 25. Bh6 e5 26. Bxf8 Kxf8 27. Ne2 Bc8 28. c4 Bb7 29. h4 ({White should play} 29. Nc3 $16) 29... Nc8 (29... d5 $11) 30. Qe3 c5 31. f4 Kg7 32. f5 Ne7 33. g4 Ng8 (33... gxf5 $14 34. exf5 (34. gxf5 Nc6 $11) 34... Bxg2 35. Kxg2 d5) 34. Ng3 Bc8 35. g5 Rf8 36. fxg6 hxg6 {[%emt 0:00:17] [#]} 37. h5 (37. gxf6+ $1 $16 Nxf6 38. Qg5) 37... Qf7 $2 {[%emt 0:04:52] [#]} (37... Qe7 $1 $11) 38. gxf6+ (38. hxg6 $1 $18 Qxg6 39. Nf5+ Bxf5 40. Rxf5) 38... Nxf6 $2 (38... Kh7 $1 $14) 39. Qg5 Qe8 $18 (39... Qe7 40. Rd3 (40. Qxg6+ Kh8 $18) (40. hxg6 Rh8 $18) 40... Ng8 41. Qxg6+ Kh8 42. Rxf8 Qxf8) 40. Rd2 $2 (40. h6+ $18 {is more deadly.} Kh7 41. Rxf6 Rxf6 42. Qxf6) 40... Nh7 41. h6+ Kg8 42. Rxf8+ Kxf8 43. Rf2+ Kg8 44. Qd2 Qe7 45. Rf1 Be6 1/2-1/2

[Event "DFMMLV 2017"]
[Site "Braunfels"]
[Date "2017.06.16"]
[Round "3"]
[White "Lukas, Anne"]
[Black "Heil, Marina"]
[Result "0-1"]
[ECO "E92"]
[WhiteElo "1870"]
[BlackElo "1890"]
[Annotator "NA"]
[PlyCount "76"]
[EventDate "2017.??.??"]
[EventType "team-tourn"]
[EventCountry "GER"]
[SourceTitle "playchess.com"]
[Source "ChessBase"]
[SourceQuality "1"]
[TimeControl "40/5400+30:1800+30"]

1. d4 Nf6 2. c4 g6 3. Nc3 Bg7 4. e4 d6 5. Be2 O-O 6. Nf3 e5 7. Be3 Nc6 8. d5 Ne7 9. Nd2 Nd7 10. O-O f5 11. f3 f4 12. Bf2 g5 13. b4 Ng6 14. c5 {[%emt 0:01:58] E92: King's Indian: Classical: 6 Be2 e5: 7 dxe5, 7 Be3 and Petrosian System without 7...Nbd7} Nf6 15. cxd6 cxd6 16. Nc4 Ne8 17. Nb5 b6 18. Nxa7 $146 ({Predecessor:} 18. a4 Qe7 19. Qb3 h5 20. Rfc1 Bd7 21. Nxa7 Rxa7 22. Nxb6 {1-0 (39) Vezzosi,P (2328)-Loiacono,A (2085) Trieste 2016}) 18... Rxa7 19. Bxb6 Qe7 20. Bxa7 Qxa7+ 21. Rf2 $2 (21. Kh1 $18) 21... g4 22. fxg4 f3 23. Bxf3 Bxg4 24. Kf1 ({White should play} 24. Qb3 $16) 24... Nh4 25. Qe2 Nxf3 26. gxf3 Bh3+ 27. Ke1 Qd4 28. Rb1 Rf6 29. Ne3 Bh6 30. Ng4 Bxg4 31. fxg4 Rxf2 32. Qxf2 Qxe4+ 33. Kf1 Qxb1+ 34. Kg2 Qxb4 35. Qf5 Qd2+ 36. Kh3 Qxd5 37. Qh5 Qd3+ 38. Kg2 Qd2+ 0-1

[Event "DFMMLV 2017"]
[Site "Braunfels"]
[Date "2017.06.16"]
[Round "3"]
[White "Gottschall, Ina"]
[Black "Busch, Annette"]
[Result "0-1"]
[ECO "D30"]
[WhiteElo "1679"]
[BlackElo "1637"]
[Annotator "NA"]
[PlyCount "77"]
[EventDate "2017.??.??"]
[EventType "team-tourn"]
[EventCountry "GER"]
[SourceTitle "playchess.com"]
[Source "ChessBase"]
[SourceQuality "1"]
[TimeControl "40/5400+30:1800+30"]

1. d4 d5 2. c4 e6 3. Nf3 Nf6 4. Bg5 c6 5. Nc3 Nbd7 6. cxd5 exd5 7. Ne5 Be7 8. Nxd7 Bxd7 9. e3 O-O 10. Be2 Bf5 11. O-O Re8 12. Rc1 Ne4 13. Bxe7 Qxe7 14. Bg4 Bg6 15. a3 h6 16. Nxe4 Bxe4 17. Bf3 Qg5 18. Rc3 Re6 19. Bxe4 Rxe4 20. Qf3 Rae8 21. b4 a6 22. a4 R8e6 23. g3 h5 24. Qg2 h4 25. f4 Qh6 26. Qf3 hxg3 27. hxg3 Qh3 28. Rf2 Rh6 29. Rcc2 Qe6 30. Rce2 Qe7 31. Rh2 Rxh2 32. Kxh2 Qxb4 33. Qh5 Re6 34. Kg2 Qe7 35. Kf3 Rh6 36. Qf5 Qe6 37. Qg5 Qe4+ 38. Kf2 Rh2+ 39. Ke1 0-1

[Event "DFMMLV 2017"]
[Site "Braunfels"]
[Date "2017.06.16"]
[Round "3"]
[White "Landenberger, Anja Kathrin"]
[Black "Stockdreher, Diana"]
[Result "1/2-1/2"]
[ECO "A47"]
[WhiteElo "1544"]
[BlackElo "1435"]
[Annotator "NA"]
[PlyCount "69"]
[EventDate "2017.??.??"]
[EventType "team-tourn"]
[EventCountry "GER"]
[SourceTitle "playchess.com"]
[Source "ChessBase"]
[SourceQuality "1"]
[TimeControl "40/5400+30:1800+30"]

1. d4 Nf6 2. Nf3 b6 3. Bf4 Bb7 4. e3 e6 5. Be2 Bd6 6. Bxd6 cxd6 7. O-O Ne4 8. Nbd2 O-O 9. a4 Nxd2 10. Qxd2 a5 11. c3 Be4 12. Rfd1 d5 13. Ne1 Nc6 14. Bd3 Qg5 15. f4 Qh6 16. Bxe4 dxe4 17. Qc2 d5 18. Qf2 f5 19. Nc2 Qh5 20. g3 Nd8 21. Rd2 Nf7 22. Qe2 Qxe2 23. Rxe2 Nd6 24. Na3 Rfc8 25. Kf2 h5 26. Rg1 Kf7 27. Ke1 g6 28. Kf2 Rab8 29. Ra1 Rh8 30. h4 Rhc8 31. Ra2 Ke7 32. Ke1 Kd7 33. Kd1 Rc7 34. Ra1 Rcc8 35. Ra2 1/2-1/2